 Dungeon Crawl Stone Soup version 0.26-a0-542-gbaa144b (webtiles) character file.

Game seed: 10166637871418964592

610 MrTaco21 the Basher (level 7, 0/41 HPs)
             Began as a Gargoyle Fighter on Aug 17, 2020.
             Slain by Duvessa
             ... wielding a +0 short sword
              (5 damage)
             ... on level 6 of the Dungeon.
             The game lasted 00:06:43 (5386 turns).

MrTaco21 the Basher (Gargoyle Fighter)              Turns: 5386, Time: 00:06:44

Health: 0/41       AC: 15    Str: 22    XL:     7   Next: 43%
Magic:  7/7        EV:  5    Int:  8    God:
Gold:   195        SH:  9    Dex:  9    Spells: 6/6 levels left

rFire    . . .     SeeInvis .   a - +0 flail
rCold    . . .     Faith    .   c - +0 kite shield
rNeg     + . .     Spirit   .   q - +0 chain mail
rPois    ∞         Reflect  .   (no helmet)
rElec    +         Harm     .   (no cloak)
rCorr    .         Rnd*Tele +   (no gloves)
MR       .....                  m - +0 pair of boots
Stlth    ..........             (no amulet)
HPRegen  0.13/turn              y - ring of teleportation (curse)
MPRegen  0.10/turn              (no ring)

@: no status effects
A: negative energy resistance 1, electricity resistance, unbreathing,
petrification resistance, rot immunity, AC +4
a: no special abilities


You were on level 6 of the Dungeon.
You visited 1 branch of the dungeon, and saw 6 of its levels.

You collected 195 gold pieces.

Inventory:

Hand Weapons
 a - a +0 flail (weapon)
Missiles
 t - 8 poisoned darts (quivered)
 x - a throwing net {!f}
Armour
 c - a +0 kite shield (worn)
 m - a +0 pair of boots (worn)
   (You found it on level 2 of the Dungeon)
 q - a +0 chain mail (worn)
   (You found it on level 2 of the Dungeon)
Jewellery
 y - a cursed ring of teleportation (left hand)
   (You found it on level 5 of the Dungeon)
Scrolls
 f - 4 scrolls of identify {unknown}
 h - a scroll of immolation {unknown}
 j - 4 scrolls of remove curse {unknown}
 l - 5 scrolls of teleportation {unknown}
 o - a scroll of magic mapping {unknown}
 r - a scroll of enchant weapon {unknown}
 s - 2 scrolls of fear {unknown}
 u - 2 scrolls of enchant armour {unknown}
 v - a scroll of random uselessness {unknown}
 w - a scroll of amnesia {unknown}
Potions
 b - 2 potions of heal wounds {unknown}
 d - 4 potions of might
 e - 3 potions of stabbing {unknown}
 g - 2 potions of curing {unknown}
 i - 3 potions of flight {unknown}
 k - 3 potions of brilliance {unknown}
 n - a potion of lignification {unknown}
 p - a potion of ambrosia {unknown}
 z - a potion of haste {unknown}
 A - a potion of mutation {unknown}


   Skills:
 - Level 3.2 Fighting
 + Level 8.1 Maces & Flails
 - Level 3.2 Armour
 - Level 3.2 Shields


You had 6 spell levels left.
You didn't know any spells.
Your spell library was empty.

Dungeon Overview and Level Annotations

Branches:
Dungeon (6/15)
 Temple: D:4-7

Altars:
Elyvilon

Annotations:
D:6 Duvessa


Innate Abilities, Weirdness & Mutations

You are resistant to torment.
Your stone body is resilient. (AC +4)
You are immune to poison.
You resist negative energy. (rN+)
You are resistant to electric shocks. (rElec)
You can survive without breathing.
You are immune to petrification.
You are immune to rotting.


Message History

You block the ufetubus's attack.
The jackal bites you but does no damage. x3
Duvessa hits you but does no damage.
The ufetubus hits you but does no damage. x2
You hit Duvessa. You block the jackal's attack.
The jackal bites you but does no damage. x2
You block Duvessa's attack. The ufetubus hits you.
You block the ufetubus's attack. You block the jackal's attack.
The jackal barely misses you. Duvessa hits you with a +0 short sword.
The jackal bites you.
You hit Duvessa but do no damage. The ufetubus barely misses you.
The ufetubus hits you but does no damage.
The jackal bites you but does no damage.
You block the jackal's attack. Duvessa hits you with a +0 short sword.
The jackal bites you but does no damage.
The ufetubus hits you.
* * * LOW HITPOINT WARNING * * *
You block the ufetubus's attack.
You hit the jackal. You block the jackal's attack.
Duvessa hits you with a +0 short sword!
* * * LOW HITPOINT WARNING * * *
The jackal bites you but does no damage. x2
You block the ufetubus's attack. The ufetubus closely misses you.
You block the jackal's attack. The jackal barely misses you.
Duvessa hits you but does no damage.
The jackal bites you but does no damage.
You barely miss the jackal.
The ufetubus hits you but does no damage.
You block the ufetubus's attack. Duvessa hits you with a +0 short sword.
* * * LOW HITPOINT WARNING * * *
The jackal bites you.
* * * LOW HITPOINT WARNING * * *
The jackal completely misses you.
The jackal bites you but does no damage.
The ufetubus completely misses you.
The ufetubus hits you but does no damage.
You hit the jackal but do no damage. You block Duvessa's attack.
The jackal bites you but does no damage.
You block the jackal's attack.
The ufetubus hits you but does no damage. x2
The jackal bites you but does no damage.
Duvessa barely misses you.
The jackal bites you but does no damage.
The jackal barely misses you.
The jackal bites you but does no damage.
You block the ufetubus's attack.
The ufetubus hits you but does no damage.
Your chain mail prevents you from hitting the jackal.
Duvessa hits you with a +0 short sword.
You die...

.......# #...#
#........... ...#
#..........# #..#
..........# ####).#
#.... ...# #.....#
#.... ..# ##.##.##
#.Zh# #.###...#.#
#[he# #.##.###..#
#h5@# #...## ##.##
##hh# #<.## ##.#
#..#####..# #.#
#.........# ##.#
#.####.###.# ##.##
#.####.# #.###..#
#.#....# #...#...
#.#....### ##.#####
##.#......####.#####


You could see Duvessa (berserk), an ufetubus, 5 jackals and a howler monkey
skeleton.

Vanquished Creatures
  A water moccasin zombie (D:5)
  Dowan (D:6)
  A centaur zombie (D:5)
  A quasit (D:3)
  A hound (D:2)
  A bullfrog skeleton (D:5)
  An orc wizard (D:4)
  4 worker ants
  A howler monkey zombie (D:6)
  7 adders
  7 gnolls
  An adder skeleton (D:5)
  3 worms
  3 dart slugs
  4 leopard geckos
  11 orcs
  6 giant cockroaches
  6 goblins
  9 hobgoblins
  3 jackals (D:4)
  6 kobolds
  2 quokkas (D:5)
  5 ball pythons
  A ball python zombie (D:5)
  11 bats
  2 frilled lizards (D:1)
  A giant cockroach zombie (D:5)
  9 rats
109 creatures vanquished.

Notes
Turn   | Place    | Note
-------+----------+-------------------------------------------
     0 | D:1      | MrTaco21 the Gargoyle Fighter began the quest for the Orb.
     0 | D:1      | Reached XP level 1. HP: 14/14 MP: 1/1
   241 | D:1      | Reached XP level 2. HP: 19/19 MP: 2/2
   549 | D:1      | Reached skill level 3 in Maces & Flails
  1125 | D:2      | Reached XP level 3. HP: 23/23 MP: 3/3
  1217 | D:2      | Reached skill level 4 in Maces & Flails
  1237 | D:2      | Reached XP level 4. HP: 24/28 MP: 4/4
  2358 | D:2      | Reached skill level 5 in Maces & Flails
  2358 | D:2      | Reached XP level 5. HP: 32/32 MP: 5/5
  2968 | D:2      | Reached skill level 6 in Maces & Flails
  2968 | D:2      | Reached XP level 6. HP: 30/37 MP: 6/6
  3243 | D:3      | Found a white marble altar of Elyvilon.
  4548 | D:5      | Entered Level 5 of the Dungeon
  4606 | D:5      | Reached skill level 7 in Maces & Flails
  4719 | D:5      | Reached XP level 7. HP: 38/41 MP: 7/7
  5361 | D:6      | Noticed Duvessa
  5363 | D:6      | Noticed Dowan
  5370 | D:6      | Killed Dowan
  5370 | D:6      | Reached skill level 8 in Maces & Flails
  5386 | D:6      | Slain by Duvessa

Illustrated notes

Levels and vault maps discovered:
D:1:      dpeg_arrival_arbitrary_c, layout_rooms, serial_co_window_serial,
          co_window_of_opportunity_a, co_window_paths_b, co_window_corner_a,
          co_window_paths_b, co_window_of_opportunity_a, co_window_paths_a,
          co_window_paths_a, co_window_corner_cb, co_window_broadway_b,
          co_window_of_opportunity_c, co_window_of_opportunity_b,
          co_window_paths_c, co_window_4corner_a, co_window_paths_e,
          glass_columns_b
D:2:      layout_loops_ring, nrook_mini_vaults
D:3:      layout_basic, elyvilon_altar_4, minmay_quantized
D:4:      layout_cave_pods, grunt_ministairs_9
D:5:      layout_loops_ring
D:6:      layout_loops_ring, gammafunk_temple_overflow_pools,
          minmay_temple_entry_arrows, uniq_pikel, uniq_sigmund, uniq_duvessa

Skill      XL: |  1  2  3  4  5  6  7 |
---------------+----------------------+-----
Maces & Flails | 3 4 5 6 7 8 |  8.1
Fighting       | |  3.2
Armour         | |  3.2
Shields        | |  3.2

Action                   |  1- 3 |  4- 6 |  7- 9 || total
-------------------------+-------+-------+-------++-------
Melee: Flail             |   129 |   308 |    63 ||   500
Armor: Scale mail        |    72 |    16 |       ||    88
       Chain mail        |       |   280 |   108 ||   388
Dodge: Dodged            |    43 |   104 |    27 ||   174
Block: Kite shield       |    78 |   209 |    54 ||   341

Table legend: (Time is in decaauts)
 A = Elapsed time spent in this place.
 B = Non-inter-level travel time spent in this place.
 C = Inter-level travel time spent in this place.
 D = Time resting spent in this place.
 E = Time spent auto-exploring this place.
 F = Levels seen in this place.
 G = Mean time per level.
                   A        B        C        D        E       F      G
               +--------+--------+--------+--------+--------+-----+--------+
         Total |   5500 |   5253 |    247 |    818 |   3308 |   6 |  916.7 |
       Dungeon |   5500 |   5253 |    247 |    818 |   3308 |   6 |  916.7 |
               +--------+--------+--------+--------+--------+-----+--------+

Top non-repeatable levels by time:
     D:2: 1503 daAuts
     D:1: 1331 daAuts
     D:3: 923 daAuts
     D:4: 895 daAuts
     D:5: 764 daAuts
     D:6: 82 daAuts
